[Event "*** SCC Grand Prix: Titled Tuesday Blitz"]
[Site "Chess.com"]
[Date "2020.07.07"]
[Round "8"]
[White "barbara25"]
[Black "AttilaTurzo"]
[Result "0-1"]
[WhiteElo "2331"]
[BlackElo "2514"]
[TimeControl "180+1"]
[EndTime "11:37:33 PDT"]
[Termination "AttilaTurzo won by resignation"]

1. e4 c5 2. Nf3 d6 3. d4 cxd4 4. Nxd4 Nf6 5. Nc3 a6 6. f3 e5 7. Nb3 Be7 8. Be3 Be6 9. Qd2 h5 10. O-O-O Nbd7 11. h3 Qc7 12. Kb1 b5 13. f4 Nb6 14. fxe5 dxe5 15. Bxb6 Qxb6 16. Nd5 Qb7 17. Nxe7 Qxe7 18. Bd3 Nd7 19. Qe2 Nc5 20. Nxc5 Qxc5 21. g4 hxg4 22. hxg4 O-O-O 23. Rxh8 Rxh8 24. g5 Rd8 25. c3 Kb8 26. Bc2 Rxd1+ 27. Qxd1 Kc7 28. Bb3 Bc4 29.
Bxc4 Qxc4 30. Qf3 Kd6 31. b3 Qe6 32. Qd3+ Kc7 33. Qe3 Kb7 34. Kb2 Qd6 35. Qf2 Qd7 36. Kc2 Kc6 37. a3 Qe7 38. b4 f6 39. gxf6 gxf6 40.
Qf5 Kb7 41. Kb3 Qf7+ 42. Kb2 Qe7 43. Qg6 Qd6 44. Qf7+ Kb6 45. Qg6 Qd2+ 46. Kb3 Qd1+ 47. Kb2 Qf3 48. Qh7 Qf2+ 49. Kb3 Qf3 50. Qg6 Qf4 51. Qh7 Qg4 52. a4 Qd1+ 53. Kb2 bxa4 54. Qf7 Qd2+ 55. Ka3 Qxc3+ 56. Kxa4 Qc6+ 57. Ka3 Qc3+ 58. Ka4 Qc2+ 59. Ka3 Qc1+ 60. Ka4 Qa1+ 61. Kb3 Qb1+ 62. Ka3 Qxe4 63. Qxf6+ Kb5 64. Qd6 Qe3+ 65. Kb2 Qd4+ 66. Qxd4 exd4 67. Kc2 Kxb4 68. Kd3 0-1

[Event "*** SCC Grand Prix: Titled Tuesday Blitz"]
[Site "Chess.com"]
[Date "2020.07.07"]
[Round "8"]
[White "HanSchut"]
[Black "ajian"]
[Result "1-0"]
[WhiteElo "2310"]
[BlackElo "2411"]
[TimeControl "180+1"]
[EndTime "11:37:34 PDT"]
[Termination "HanSchut won by checkmate"]

1. e4 c5 2. Nf3 Nc6 3. d4 cxd4 4. Nxd4 Nf6 5. Nc3 e5 6. Ndb5 d6 7. Bg5 a6 8. Na3 b5 9. Bxf6 gxf6 10. Nd5 f5 11. c3 Bg7 12. exf5 Bxf5 13. Nc2 Be6 14. Nce3 Ne7 15. g3 Nxd5 16. Nxd5 O-O 17. Bg2 f5 18.
O-O a5 19. a4 bxa4 20. Rxa4 Rb8 21. Qa1 Rb5 22. Rd1 Qb8 23. Rxa5 Rxb2 24. Ra8 Qb3 25. Ra3 Qc2 26. Rf1 e4 27. Ne3 Qd2 28. Bh3 Bh6 29.
Qe1 Qd3 30. Ra1 Rxf2 31. Rxf2 Bxe3 32. Rd1 Bxf2+ 33. Kxf2 Qc2+ 34. Kg1 d5 35. Rc1 Qd3 36. Rd1 Qc4 37. Rd4 Qc5 38. Kh1 Rc8 39. Qd2 Qxc3 40.
Qxc3 Rxc3 41. Rd1 e3 42. Bf1 Rc2 43. Re1 d4 44. Be2 Bd5+ 45. Kg1 Rd2 46. Kf1 d3 47.
Bxd3 Rxd3 48. Ke2 Ra3 49. Rd1 Ra2+ 50. Kxe3 Be4 51. Kf4 Rxh2 52. Rd7 Rf2+ 53. Kg5 Rg2 54. Kf6 h6 55. Rg7+ Kf8 56. Rg6 h5 57. Rh6 Rxg3 58. Rh8+ Rg8 59. Rxh5 Ke8 60. Ke6 Rf8 61. Rh7 f4 62.
Re7+ Kd8 63. Kd6 Bg2 64. Ra7 f3 65. Ra8# 1-0

[Event "*** SCC Grand Prix: Titled Tuesday Blitz"]
[Site "Chess.com"]
[Date "2020.07.07"]
[Round "8"]
[White "DeviatkinAndrey"]
[Black "zaur-mammadov"]
[Result "1-0"]
[WhiteElo "2750"]
[BlackElo "2606"]
[TimeControl "180+1"]
[EndTime "11:37:35 PDT"]
[Termination "DeviatkinAndrey won by resignation"]

1. e4 e6 2. Qe2 c5 3. g3 Nc6 4.
Bg2 g6 5. f4 Bg7 6. Nf3 Nf6 7. O-O d5 8. e5 Nd7 9. d3 O-O 10. c4 f6 11. exf6 Nxf6 12. Nc3 a6 13. Bd2 Nd4 14. Qd1 Kh8 15. Ne5 Qd6 16. Ne2 Nxe2+ 17.
Qxe2 Bd7 18. Bc3 Rae8 19. Rae1 Bc8 20. b3 b5 21. Bb2 Bb7 22. cxb5 axb5 23. b4 cxb4 24. Bd4 Nd7 25. Qe3 Nxe5 26. Bxe5 Bxe5 27. fxe5 Qc7 28. Rc1 Rxf1+ 29. Bxf1 Qf7 30. d4 Ra8 31. Bxb5 Ra3 32. Qg5 Ra8 33. Rf1 Qg7 34. Qd2 Qe7 35.
Bd3 Kg7 36. Kg2 Ba6 37. Bxa6 Rxa6 38. Rf2 Rc6 39. Qf4 Rc4 40. h4 Rc8 41. h5 gxh5 42. Qf3 Rf8 43. Qxh5 Rxf2+ 44. Kxf2 Qf8+ 45. Kg2 Qa8 46. Qg5+ Kf7 47. Qf6+ Kg8 48. Qxe6+ Kh8 49. Qf6+ Kg8 50. e6 Qxa2+ 51. Kh3 Qa7 52. e7 Qd7+ 53. g4 Qe8 54. Kh4 b3 55. Qe6+ Kg7 56. Qe5+ Kf7 57. Qxd5+ Kxe7 58. Qxb3 Qd8 59. Qe3+ Kf7+ 60. Kh3 Qd5 61. Kg3 Qd6+ 62. Qf4+ Qxf4+ 63. Kxf4 Ke6 64. Kg5 Kd5 65. Kh6 Kxd4 66. Kxh7 Ke5 67. g5 Kf5 68. g6 Kf6 69. g7 1-0

[Event "*** SCC Grand Prix: Titled Tuesday Blitz"]
[Site "Chess.com"]
[Date "2020.07.07"]
[Round "8"]
[White "allvim"]
[Black "angryhorse9"]
[Result "1-0"]
[WhiteElo "2289"]
[BlackElo "2388"]
[TimeControl "180+1"]
[EndTime "11:37:35 PDT"]
[Termination "allvim won by resignation"]

1. b3 d5 2. Bb2 Bf5 3. Nf3 e6 4. e3 Nf6 5. c4 Be7 6. Nc3 O-O 7. h4 h6 8. Be2 c6 9. Ne5 Nbd7 10. d4 Bh7 11.
Nxd7 Qxd7 12. g4 Ne4 13. Nxe4 Bxe4 14. f3 Bh7 15. Bd3 Bxd3 16. Qxd3 f5 17. O-O-O b5 18.
Rdg1 bxc4 19. bxc4 dxc4 20. Qxc4 fxg4 21. Rxg4 Rxf3 22. d5 Bf6 23. Bxf6 Rxf6 24. dxc6 Qd6 25. Rhg1 Qa3+ 26. Kd1 Rd8+ 27. Rd4 Rxd4+ 28. Qxd4 Qxa2 29. Qxf6 Qb1+ 30. Kd2 Qxg1 31. Qxe6+ Kh8 32. Qe8+ Kh7 33. Qe4+ Kh8 34. Qe8+ Kh7 35. Qd7 Qf2+ 36. Kd3 Qf1+ 37. Kd2 Qg2+ 38. Kc3 Qf2 39. Qd3+ Kh8 40. c7 Qf6+ 41.
Kd2 Qf2+ 42. Kc3 Qf6+ 43. Qd4 Qc6+ 44. Qc4 Qf6+ 45. Kb3 Qb6+ 46. Kc2 Qg6+ 47. e4 Qg2+ 48. Kc3 Qh3+ 49. Kb4 Qc8 50. Qc6 Qf8+ 51. Ka4 Qc8 52.
e5 Qg4+ 53. Ka5 Qc8 54. e6 Kg8 55. Qd7 1-0

[Event "*** SCC Grand Prix: Titled Tuesday Blitz"]
[Site "Chess.com"]
[Date "2020.07.07"]
[Round "8"]
[White "andriipalchuk"]
[Black "timator"]
[Result "0-1"]
[WhiteElo "2435"]
[BlackElo "2622"]
[TimeControl "180+1"]
[EndTime "11:37:36 PDT"]
[Termination "timator won by resignation"]

1. e4 e5 2. Nf3 Nc6 3. Bb5 a6 4. Ba4 Nf6 5. d3 d6 6. h3 Be7 7.
O-O O-O 8. c3 b5 9. Bc2 Bb7 10.
Re1 Re8 11. Nbd2 Bf8 12. Nf1 d5 13. Ng3 dxe4 14. dxe4 Qxd1 15. Rxd1 h6 16. Be3 Rad8 17. b4 Nd7 18. a4 Nb6 19. axb5 axb5 20. Bxb6 cxb6 21.
Rxd8 Rxd8 22. Rd1 Rxd1+ 23. Bxd1 Bd6 24. Be2 Na7 25. Nd2 g6 26. f3 Kf8 27. Ngf1 Be7 28.
Kf2 Ke8 29. Ke3 Kd7 30. Kd3 Kc6 31. Ne3 Bc8 32. Nd5 Bd8 33. Nf1 Be6 34. Nde3 Nc8 35.
Kc2 Nd6 36. Nd2 Bg5 37. Nef1 h5 38. Kb2 Bf4 39. Kc2 h4 40. Bd3 f5 41. Kb2 Bc4 42.
Nxc4 bxc4 43. Bc2 Kd7 44. Ba4+ Ke6 45. Bc6 Kf6 46. Kc2 Kg5 47. Kd1 Kf6 48. Kc2 g5 49. exf5 Kxf5 50. Bd7+ Kf6 51. Bc6 e4 52. fxe4 Ke5 53.
Bd5 Kf6 54. Nd2 Bxd2 55. Kxd2 Ke5 56. Ke3 Nb5 57. Bxc4 Nxc3 58. Bd3 Na2 59. b5 Nc3 60. Kf3 Kd4 61. Bc2 Nxb5 62. Kg4 Na3 63. Bb3 Kxe4 64. Kxg5 Nb5 65. Kxh4 Nd4 66. g4 Nxb3 67. g5 Nc5 68. Kh5 b5 69. g6 Ne6 70. Kh6 b4 71. h4 b3 72. h5 b2 73. g7 Nxg7 74. Kxg7 b1=Q 75. h6 Qb2+ 76. Kg8 Qb8+ 77. Kg7 Kf5 78. h7 Qc7+ 79. Kg8 Kg6 0-1

[Event "*** SCC Grand Prix: Titled Tuesday Blitz"]
[Site "Chess.com"]
[Date "2020.07.07"]
[Round "8"]
[White "novocane"]
[Black "gliglu"]
[Result "0-1"]
[WhiteElo "2266"]
[BlackElo "2403"]
[TimeControl "180+1"]
[EndTime "11:37:36 PDT"]
[Termination "gliglu won by resignation"]

1. d4 Nf6 2. c4 e6 3. Nc3 Bb4 4.
e3 O-O 5. Ne2 d5 6. a3 Be7 7. cxd5 exd5 8. Nf4 a5 9. Bd3 c6 10.
O-O Nbd7 11. f3 b6 12. e4 dxe4 13. fxe4 Ba6 14. Bxa6 Rxa6 15. e5 Ne8 16. Qe2 Ra7 17. e6 Ndf6 18. exf7+ Rxf7 19. Ne6 Qc8 20. Ng5 Rf8 21. Ne6 Nd6 22. Nxf8 Bxf8 23. Bg5 Rf7 24. Bxf6 gxf6 25. Rae1 f5 26. Kh1 Qd8 27. Rf3 Bg7 28.
Rg3 Qh4 29. d5 cxd5 30. Nxd5 Ne4 31. Rf3 Be5 32. g3 Qh3 33. Rg1 h5 34. Qg2 Qg4 35.
Ne3 Qg5 36. Rgf1 Nd6 37. Nd5 b5 38. Nf4 Kh7 39. Qe2 Re7 40. Re3 Nc4 41. Rxe5 Rxe5 42. Qxh5+ Qxh5 43. Nxh5 Kg6 44. Nf4+ Kg5 45. h4+ Kg4 46.
Kg2 Ne3+ 47. Kf2 Nxf1 48. Kxf1 Kxg3 49. Nd3 Re4 50. Nf2 Rxh4 51. Ke2 f4 52. Ne4+ Kg2 53. Nd2 Rh3 54. Nf1 f3+ 55. Ke1 f2+ 56. Ke2 Rg3 57.
Ne3+ Kg1 58. Nf1 Rg4 59. Ne3 Re4 60. Kd2 Rxe3 61. Kxe3 f1=Q 0-1

[Event "*** SCC Grand Prix: Titled Tuesday Blitz"]
[Site "Chess.com"]
[Date "2020.07.07"]
[Round "8"]
[White "PotapovaM"]
[Black "imdarealist"]
[Result "1-0"]
[WhiteElo "2494"]
[BlackElo "2338"]
[TimeControl "180+1"]
[EndTime "11:37:37 PDT"]
[Termination "PotapovaM won on time"]

1. e4 e5 2. Nf3 Nf6 3. Nc3 Bb4 4. Bc4 O-O 5. O-O Bxc3 6. bxc3 d6 7. Re1 Re8 8. h3 h6 9. a4 c6 10. d3 Qc7 11. a5 Be6 12. Bxe6 Rxe6 13. c4 c5 14. Nh4 Kh7 15. Qf3 g6 16. Nf5 gxf5 17. Qxf5+ Kg7 18. Re3 Ng8 19. f4 Nc6 20. fxe5 Nxe5 21.
Bd2 Rg6 22. Rf1 Re8 23. Bc3 Ree6 24. Qh5 Rg5 25. Qh4 Reg6 26. Re2 Qd7 27. Ref2 f6 28. Kh1 Rg3 29. Qh5 R6g5 30. Qe2 Qe6 31. Bd2 Rg6 32. Bf4 R3g5 33. Bxg5 hxg5 34. Rf5 g4 35. Qe3 gxh3 36.
gxh3 Nh6 37. Rh5 Qf7 38. Rhf5 Qe6 39. Rh5 Qf7 40. a6 Qd7 41. Rhf5 Qe6 42. R1f2 Qf7 43.
Rf1 Qg8 44. Qe2 Qh7 45. Qh2 Qg8 46. Qf2 Qe6 47. Qe2 Rg5 48. Rxg5+ fxg5 49. Qf2 Qxh3+ 50. Kg1 Qg4+ 51. Kh1 Qh3+ 52. Kg1 Qg4+ 53. Kh1 Qh4+ 54. Qxh4 gxh4 55. axb7 Nc6 56. Ra1 a5 57. Rxa5 Ng4 58.
Ra8 Kf6 59. Rc8 Nge5 60. b8=Q Nxb8 61. Rxb8 Nf3 62. Rf8+ Ke5 63. Rxf3 Kd4 64. Kg2 1-0

[Event "*** SCC Grand Prix: Titled Tuesday Blitz"]
[Site "Chess.com"]
[Date "2020.07.07"]
[Round "8"]
[White "Kotofeyca"]
[Black "IngOscarArdila"]
[Result "1-0"]
[WhiteElo "2339"]
[BlackElo "2168"]
[TimeControl "180+1"]
[EndTime "11:37:38 PDT"]
[Termination "Kotofeyca won by resignation"]

1. d4 Nf6 2. c4 g6 3. f3 Bg7 4.
e4 d6 5. Nc3 O-O 6. Be3 e5 7.
Nge2 exd4 8. Nxd4 Re8 9. Qd2 Nbd7 10. Be2 Nc5 11. O-O Bd7 12. Rac1 Ne6 13. Rfd1 Nxd4 14. Bxd4 Nh5 15. Nd5 Bc6 16. Bxg7 Nxg7 17. Qc3 Bxd5 18. cxd5 Re7 19. Rd4 Ne8 20. Bb5 Ng7 21. Rb4 a6 22. Bf1 Rb8 23. Qb3 b5 24. a4 f5 25. axb5 axb5 26.
Bxb5 fxe4 27. fxe4 Re5 28. Bd3 Rxb4 29. Qxb4 Qg5 30.
Qe1 Re7 31. Ra1 Ne8 32. Ra8 Kg7 33. Qc3+ Qf6 34. Rc8 Qxc3 35. bxc3 Nf6 36. h3 Nh5 37. Kf2 Nf4 38. Bc2 Kf6 39. h4 Ke5 40. g3 Nh5 41.
Kg2 Nf6 42. Kf3 h5 43. Rf8 Nd7 44. Rg8 Kf6 45. Ke3 Nc5 46. Rf8+ Rf7 47. Rxf7+ Kxf7 48. Kd4 Kf6 49. e5+ Ke7 50. Bxg6 Nd7 51. e6 Nf6 52. c4 Kf8 53. c5 Ke7 54. cxd6+ cxd6 55. Be4 Kf8 56.
Bf3 Ke7 57. Kc4 Kf8 58. Kb5 Ke7 59. Kc6 Ne8 60. Bxh5 Ng7 61. Bf3 Nf5 62. h5 Nd4+ 63.
Kc7 Nxf3 64. h6 Ng5 65. g4 Nh7 66. Kc8 Ng5 67. Kc7 Nh7 68. Kc6 Nf6 69. Kb5 Nh7 70.
Kc4 Nf6 71. g5 Nh7 72. g6 Nf6 73. h7 1-0

[Event "*** SCC Grand Prix: Titled Tuesday Blitz"]
[Site "Chess.com"]
[Date "2020.07.07"]
[Round "8"]
[White "Alexsur1981"]
[Black "KaspMagAlpha"]
[Result "1-0"]
[WhiteElo "2557"]
[BlackElo "2240"]
[TimeControl "180+1"]
[EndTime "11:37:39 PDT"]
[Termination "Alexsur1981 won by resignation"]

1. e4 c5 2. c3 Nf6 3. e5 Nd5 4. Bc4 e6 5. Nf3 d6 6. d4 Nc6 7. O-O Be7 8. Nbd2 O-O 9. Re1 a6 10. a4 b6 11. Ne4 Bb7 12. exd6 Bxd6 13. Nxd6 Qxd6 14. Bg5 h6 15. Bh4 Na5 16. Ba2 cxd4 17. Nxd4 Qd7 18. Qg4 Nc6 19. Rad1 Nxd4 20. Rxd4 f5 21. Qg6 Rae8 22. c4 Qxa4 23. Bb1 Nf6 24. Bxf6 Rxf6 25. Qh5 Ref8 26. Red1 Qc6 27. Qh3 Rg6 28.
f3 Qxf3 29. Qxf3 Bxf3 30. R1d2 Ba8 31. Rd6 b5 32. c5 Bd5 33. Rxa6 Rc8 34. b4 Rg4 35.
Rb2 f4 36. Ba2 f3 37. Bxd5 exd5 38. g3 Re4 39. Kf2 Rf8 40. Rd6 d4 41. c6 Rc8 42.
Kxf3 Re3+ 43. Kf2 Rc3 44. Rxd4 R3xc6 45. Rbd2 Rc2 46. Ke3 Rxd2 47. Rxd2 Rc4 48. Rd4 Rc3+ 49. Ke4 Rb3 50. Kd5 Rb2 51. Kc5 Rxh2 52. Kxb5 Rg2 53. Rd3 g5 54. Kc6 Rb2 55. b5 Kg7 56. b6 Kg6 57. b7 h5 58. Rd5 Rc2+ 59. Rc5 Rb2 60. Rb5 Rc2+ 61. Kd7 Rd2+ 62. Kc7 Rc2+ 63. Kb6 Re2 64.
b8=Q Re6+ 65. Ka5 Rf6 66. Rb6 h4 67. Rxf6+ Kxf6 68. Qd6+ Kf5 69. gxh4 gxh4 70. Qh2 Kg4 71. Kb4 h3 72. Kc4 Kh4 73. Kd4 Kg4 74. Ke4 Kh4 75. Ke3 Kg4 76. Kf2 Kh4 77. Kf3 Kg5 78. Qxh3 Kg6 79.
Qg4+ Kf6 80. Qf4+ Ke7 81. Ke4 Kd7 82. Qe5 Kc8 83. Kd5 Kb7 84. Qd6 Ka8 85. Qd7 Kb8 86. Kc6 1-0

[Event "*** SCC Grand Prix: Titled Tuesday Blitz"]
[Site "Chess.com"]
[Date "2020.07.07"]
[Round "8"]
[White "kidagent"]
[Black "m-garcett"]
[Result "1-0"]
[WhiteElo "2230"]
[BlackElo "2070"]
[TimeControl "180+1"]
[EndTime "11:37:39 PDT"]
[Termination "kidagent won by checkmate"]

1. e4 c5 2. Nf3 d6 3. d4 cxd4 4. Nxd4 Nf6 5. Nc3 a6 6. Bg5 e6 7. f4 h6 8. Bh4 Qb6 9. a3 Be7 10. Bf2 Qc7 11. Qf3 b5 12. Bd3 Nbd7 13. O-O Bb7 14.
Rae1 g5 15. fxg5 Ne5 16. Qh3 Nfg4 17. g6 O-O-O 18. gxf7 Qd7 19. Bh4 Rdf8 20. Bxe7 Qxe7 21. Rf4 h5 22. Ref1 Rh7 23. Be2 Rhxf7 24. Rxf7 Rxf7 25.
Qxh5 Rxf1+ 26. Bxf1 Qf8 27. Qh4 Qf4 28. Qd8+ Kxd8 29.
Nxe6+ Kd7 30. Nxf4 Ne3 31. Bd3 Nxd3 32. cxd3 Kc6 33.
h4 Kc5 34. Ne6+ Kb6 35. h5 Ng4 36. Nf4 a5 37. Ncd5+ Kc5 38. Ne7 Kd4 39. Nf5+ Kc5 40. h6 Nf6 41. Ne6+ Kb6 42. Nd8 Nh7 43. Nxb7 Kxb7 44.
Nxd6+ Kc6 45. Nf5 Kc5 46. Kf2 b4 47. Ke3 bxa3 48. bxa3 Kb5 49. Nd4+ Ka4 50. Nc6 Kxa3 51. Nxa5 Kb4 52. Nc6+ Kb5 53. Ne7 Kc5 54. Nf5 Kc6 55.
Kf4 Kd7 56. g4 Ke6 57. g5 Kf7 58. Nh4 Nf8 59. Kf5 Kg8 60. g6 Kh8 61. Kf6 Nd7+ 62. Ke7 Ne5 63. g7+ Kh7 64. Kf8 Nd7+ 65. Ke7 Ne5 66. Nf5 Nxd3 67. Kf8 Ne5 68. g8=Q# 1-0

[Event "*** SCC Grand Prix: Titled Tuesday Blitz"]
[Site "Chess.com"]
[Date "2020.07.07"]
[Round "8"]
[White "Larina_Marija"]
[Black "Varshi_chess"]
[Result "0-1"]
[WhiteElo "2104"]
[BlackElo "2259"]
[TimeControl "180+1"]
[EndTime "11:37:44 PDT"]
[Termination "Varshi_chess won on time"]

1. e4 c5 2. Nc3 Nc6 3. g3 e6 4. Bg2 g6 5. Nge2 Bg7 6. O-O Nge7 7. d3 O-O 8. Be3 Nd4 9. Qd2 d6 10. Nd1 e5 11. c3 Ne6 12. Bh6 f5 13. Bxg7 Kxg7 14.
f4 b6 15. d4 Bb7 16. d5 Nc7 17. c4 fxe4 18. Bxe4 Nf5 19. fxe5 dxe5 20. Ne3 Nd4 21. Ng4 Qd6 22. Qh6+ Kg8 23. Nxd4 cxd4 24. Rae1 Na6 25. Qg5 Nc5 26. Nh6+ Kg7 27. Nf5+ Rxf5 28. Rxf5 Re8 29. Rf2 Rf8 30. Rxf8 Kxf8 31. Rf1+ Kg7 32. Bc2 d3 33.
Bd1 e4 34. Qe3 Qe5 35. Qf4 Qxf4 36. Rxf4 e3 37. Kf1 e2+ 38. Bxe2 dxe2+ 39. Kxe2 Bc8 40.
Kd2 h5 41. h4 Bf5 42. Kc3 Kf6 43. Kd4 Nd7 44. b4 Ke7 45. c5 bxc5+ 46. bxc5 Nf6 47.
c6 Kd6 48. Rf2 Nxd5 49. Rb2 Ne7 50. Rb7 Nxc6+ 51. Kc3 Kc5 52. Rc7 Kd5 53. a4 Kc5 54. a5 Kb5 55. a6 Kb6 56. Rc8 Ne5 0-1

[Event "*** SCC Grand Prix: Titled Tuesday Blitz"]
[Site "Chess.com"]
[Date "2020.07.07"]
[Round "8"]
[White "TheLawAdv"]
[Black "Karina_Ivanova"]
[Result "1-0"]
[WhiteElo "2073"]
[BlackElo "2207"]
[TimeControl "180+1"]
[EndTime "11:37:45 PDT"]
[Termination "TheLawAdv won on time"]

1. e4 c6 2. c4 d5 3. exd5 cxd5 4. cxd5 Nf6 5. Qa4+ Nbd7 6. g3 g6 7. Bg2 Bg7 8. Ne2 O-O 9. O-O a6 10. Nbc3 b5 11.
Qb4 Nb6 12. d6 Ra7 13. dxe7 Qxe7 14. Qxe7 Rxe7 15. d3 Bb7 16. Be3 Bxg2 17. Kxg2 Nfd5 18. Bc5 Nxc3 19. Nxc3 Rb7 20. Bxf8 Bxf8 21. Rfe1 Rd7 22. Rad1 b4 23. Ne4 Nd5 24. d4 f5 25. Nc5 Ra7 26.
Re5 Nf6 27. Re6 Kf7 28. Rde1 a5 29. Nd3 Ne4 30. Rc6 Bg7 31. f3 Nf6 32. Rec1 Nd5 33. Ne5+ Ke7 34. R6c5 Ke6 35. Rc6+ Ke7 36. R1c5 Ne3+ 37.
Kf2 Nd1+ 38. Ke2 Nxb2 39. Rc7+ Rxc7 40. Rxc7+ Kf8 41. f4 Na4 42. d5 Nc3+ 43. Rxc3 bxc3 44. Kd3 Ke7 45. Kxc3 Kd6 46. Kd4 g5 47. h4 g4 48.
h5 h6 49. a4 Bf6 50. Kc4 Bxe5 51. fxe5+ Kxe5 52. Kc5 Ke4 53. d6 f4 54. gxf4 g3 55.
d7 g2 56. d8=Q g1=Q+ 57. Kc6 Qc1+ 58. Kd7 Qxf4 59. Qxa5 Qg4+ 60. Kc7 Qf4+ 61. Kb7 Qc1 62. Qb6 Qd2 63. Qc6+ Kf4 64. a5 Qb2+ 65. Qb6 Qa2 66.
a6 Qf7+ 67. Qc7+ 1-0

[Event "*** SCC Grand Prix: Titled Tuesday Blitz"]
[Site "Chess.com"]
[Date "2020.07.07"]
[Round "8"]
[White "Artem_Sadovsky"]
[Black "Gerodot71"]
[Result "0-1"]
[WhiteElo "2527"]
[BlackElo "2408"]
[TimeControl "180+1"]
[EndTime "11:37:47 PDT"]
[Termination "Gerodot71 won on time"]

1. Nf3 d5 2. g3 Nd7 3. Bg2 e5 4. O-O Bd6 5. b3 Ngf6 6. Bb2 O-O 7. c4 c6 8. d3 Qe7 9. Qc2 Re8 10. cxd5 cxd5 11. Nc3 a6 12. Nh4 Nb6 13. a4 Be6 14.
a5 Nbd7 15. Rfc1 Rac8 16. Nxd5 Nxd5 17. Qxc8 Rxc8 18. Rxc8+ Nf8 19. Rac1 Bxc8 20. Rxc8 Qd7 21. Ra8 Ne7 22. Ra7 Nc6 23. Ra8 h6 24. Be4 g6 25.
f4 exf4 26. gxf4 Bxf4 27. Kf1 Qh3+ 28. Ng2 Qxh2 29. Ba3 Bd6 30. Bb2 Bc5 31. e3 Qh3 32. Kf2 Qe6 33. Nf4 Qxb3 34. Bf6 Be7 35. Nd5 Bxf6 36.
Nxf6+ Kg7 37. Ne8+ Kh8 38. Nd6 Kg7 39. Ne8+ Kh8 40. Nd6 Kg8 41. Kg3 Qe6 42. Nxb7 Ne5 43.
Nc5 Qg4+ 44. Kf2 h5 45. d4 Nc4 46. Bf3 Qh4+ 47. Ke2 Qh2+ 48. Kd3 Nd6 49. Nd7 Kg7 50. Rxf8 Qb2 51. Rd8 Qb3+ 52. Ke2 Nc4 53. Re8 Qc2+ 54. Kf1 Nd2+ 55. Kg2 Qf5 56. Ne5 Nxf3 57. Nxf3 Qg4+ 58. Kf2 h4 59. Re5 Qg3+ 60. Ke2 Qg2+ 61. Kd3 Qxf3 62.
Rf5 Qxf5+ 63. e4 Qxa5 64. Ke3 h3 65. Kf4 h2 66. d5 h1=Q 67. Ke5 Qc3+ 68. Kd6 Qh2+ 69.
Ke7 Qcc7+ 0-1

[Event "*** SCC Grand Prix: Titled Tuesday Blitz"]
[Site "Chess.com"]
[Date "2020.07.07"]
[Round "8"]
[White "Sychev_Klementy"]
[Black "Azatic"]
[Result "0-1"]
[WhiteElo "2771"]
[BlackElo "2515"]
[TimeControl "180+1"]
[EndTime "11:37:48 PDT"]
[Termination "Azatic won on time"]

1. e4 c5 2. Nf3 e6 3. g3 Nc6 4. Bg2 Nf6 5. Qe2 d6 6. O-O Qc7 7. c3 e5 8. Rd1 Be7 9. Na3 O-O 10. Nc2 Re8 11. d3 h6 12. Ne3 Bf8 13. a3 Be6 14. b4 a6 15. Bb2 Rad8 16. Rac1 d5 17. c4 dxe4 18. dxe4 Nd4 19. Nxd4 cxd4 20. Nd5 Bxd5 21.
cxd5 Qb6 22. Qd3 Rc8 23. h3 a5 24. b5 Nd7 25. Bf1 Nc5 26. Qf3 a4 27. h4 Nb3 28.
Rxc8 Rxc8 29. Bd3 Rc5 30. Kg2 Qc7 31. Qg4 Qc8 32. Qxc8 Rxc8 33. Kf3 Bd6 34. Ke2 Kf8 35. Rg1 Ke7 36. Kd1 g6 37. g4 Nc5 38. Bc2 d3 39.
Bb1 Nxe4 40. f3 Nc5 41. Bc1 e4 42. Re1 f5 43. gxf5 gxf5 44. Bxh6 Bg3 45. Rg1 Bxh4 46. Rg7+ Kd6 47. Bf4+ Kxd5 48. fxe4+ fxe4 49. Rh7 Bf6 50. Rh5+ Kc4 51. Rh6 Rg8 52. Ba2+ Nb3 53. Bxb3+ Kxb3 54. Rxf6 Rg2 55. Re6 Kxa3 56. Rxe4 Kb3 57. Rd4 Kc3 0-1

[Event "*** SCC Grand Prix: Titled Tuesday Blitz"]
[Site "Chess.com"]
[Date "2020.07.07"]
[Round "8"]
[White "Leonid_Starozhilov"]
[Black "Xeniya2005"]
[Result "0-1"]
[WhiteElo "2607"]
[BlackElo "2378"]
[TimeControl "180+1"]
[EndTime "11:37:49 PDT"]
[Termination "Xeniya2005 won by resignation"]

1. e4 e6 2. d4 d5 3. e5 c5 4. c3 Nc6 5. Nf3 Qb6 6. a3 Nh6 7. b4 cxd4 8. Bxh6 gxh6 9. b5 Na5 10. cxd4 Bd7 11. Nbd2 Rc8 12. a4 Bb4 13. Bd3 Bc3 14. Rc1 Bxd4 15. Rxc8+ Bxc8 16. O-O Bc5 17. Qc2 Bd7 18.
Bxh7 Ke7 19. Bd3 Rc8 20. Qd1 a6 21. Qe2 axb5 22. axb5 Rg8 23. g3 Qd8 24. Rc1 b6 25. Kg2 Kf8 26. Nf1 f5 27. exf6 Qxf6 28. Ne5 Be8 29. Nd2 h5 30. Qf3 Qxf3+ 31. Ndxf3 Ke7 32. h4 Nb3 33. Re1 Nd4 34. Ng5 Bxb5 35. Bxb5 Nxb5 36. Nc6+ Kd7 37. Ne5+ Ke7 38. Nd3 Nc7 39. Nf4 Kd6 40.
Nxh5 b5 41. Nf6 Rg6 42. Ng4 b4 43. Ne5 Rg8 44. Nd3 b3 45. f4 Rb8 46. Nf7+ Ke7 47. Nxc5 Kxf7 48. Rb1 b2 49. Nd3 Rb3 50. Nxb2 Nb5 51. Kh3 Nd6 52. h5 Nc4 53. Nxc4 Rxb1 54. Ne5+ Kf6 55. g4 Rf1 56. Kg3 d4 57. Nd7+ Ke7 58.
Nc5 Rc1 59. Ne4 d3 60. Kf3 Re1 61. Nf2 d2 62. g5 d1=Q+ 63. Nxd1 Rxd1 64. Ke4 Rh1 65.
h6 Kf7 66. Ke5 Re1+ 67. Kd4 Kg6 68. Kc5 Rf1 0-1

[Event "*** SCC Grand Prix: Titled Tuesday Blitz"]
[Site "Chess.com"]
[Date "2020.07.07"]
[Round "8"]
[White "FMOlexandrProhorov"]
[Black "CyberdelChess"]
[Result "0-1"]
[WhiteElo "2124"]
[BlackElo "2268"]
[TimeControl "180+1"]
[EndTime "11:37:49 PDT"]
[Termination "CyberdelChess won by resignation"]

1. Nf3 g6 2. c4 Bg7 3. Nc3 c5 4. g3 Nc6 5. Bg2 e5 6. O-O Nge7 7. d3 O-O 8. a3 a5 9. Rb1 d6 10. Ne1 Rb8 11. Nc2 Be6 12. b4 axb4 13. axb4 b6 14. Bg5 f6 15. Bd2 Qd7 16. bxc5 bxc5 17. Ne3 Nd4 18.
Ned5 Nxd5 19. Bxd5 Bxd5 20. Rxb8 Rxb8 21. Nxd5 Rb2 22.
Re1 h5 23. Bc3 Ra2 24. Bxd4 exd4 25. Qb3 Ra8 26. Rb1 Re8 27. e4 dxe3 28. Nxe3 f5 29. Qb7 Qe6 30. Qd5 Bd4 31. Qxe6+ Rxe6 32. Re1 Kf7 33.
Nc2 Rxe1+ 34. Nxe1 h4 35. Kg2 hxg3 36. hxg3 Ke6 37.
Nc2 Bf6 38. Kf3 Ke5 39. Ke3 Bd8 40. f4+ Ke6 41. Na3 Ba5 42. Nb5 Be1 43. Kf3 Ba5 44. Na7 d5 45. cxd5+ Kxd5 46. Nb5 Bd2 47. g4 Bc1 48.
gxf5 gxf5 49. Nc3+ Kd4 50. Ne2+ Kxd3 51. Nxc1+ Kd2 52.
Ne2 c4 53. Kf2 c3 54. Nxc3 Kxc3 55. Ke3 Kc4 56. Ke2 Kd4 57. Kf2 Ke4 58. Ke2 Kd4 59. Kf2 Kd3 60. Kf1 Ke3 61. Kg2 Ke2 62. Kg1 Kf3 63. Kf1 Kg3 64. Kg1 Kxf4 65. Kf2 Ke4 66. Ke2 f4 67. Kf2 f3 68. Kf1 Ke3 69. Ke1 Kf4 70.
Kf1 Kg3 71. Kg1 Kg4 72. Kf1 Kf4 73. Kg1 Ke3 74. Kf1 f2 75. Kg2 Ke2 76. Kg3 f1=Q 77. Kg4 Ke3 0-1

[Event "*** SCC Grand Prix: Titled Tuesday Blitz"]
[Site "Chess.com"]
[Date "2020.07.07"]
[Round "8"]
[White "RodinMihail"]
[Black "ZverevLev"]
[Result "1/2-1/2"]
[WhiteElo "2477"]
[BlackElo "2362"]
[TimeControl "180+1"]
[EndTime "11:37:50 PDT"]
[Termination "Game drawn by repetition"]

1. e4 c5 2. Nf3 d6 3. d4 cxd4 4. Nxd4 Nf6 5. Nc3 a6 6. Qf3 Qc7 7. Bg5 Nbd7 8. O-O-O h6 9. Be3 Ne5 10. Qg3 Nh5 11. Qh4 g5 12. Qxh5 Bg4 13. Nd5 Qa5 14.
Nb3 Qxa2 15. Qxg4 Nxg4 16. Nc3 Nxe3 17. fxe3 Qxb3 18. cxb3 Bg7 19. Nd5 Rc8+ 20. Kb1 e6 21. Nb6 Rc6 22. Nc4 Ke7 23. Be2 Rhc8 24. Rc1 b5 25. Na5 Rxc1+ 26. Rxc1 Rxc1+ 27. Kxc1 Kd7 28. b4 Kc7 29. Kc2 Kb6 30. Nb3 Bf8 31. Nd4 Be7 32. g4 Bf6 33. b3 Bg7 34. Bf3 Be5 35. h3 Bf6 36. Be2 Be7 37. Kd3 Bf6 38. Nf3 e5 39.
Ne1 Be7 40. Kc3 Bf6 41. Nd3 Be7 42. Nc1 Bf6 43. Na2 Be7 44. Kd3 Kc6 45. Nc3 Bf8 46. Nd5 Bg7 47. Ne7+ Kd7 48. Nf5 Bf8 49. Bd1 f6 50. Bc2 Kc6 51. Ke2 Kd7 52. Kf3 Ke6 53.
Kg3 Kd7 54. h4 Ke6 55. Kf3 Kd7 56. Ke2 Ke6 57. hxg5 hxg5 58. Kd3 Kd7 59. Kc3 Kc6 60. Bd3 Kd7 61. Bc4 Kc6 62. Be6 Kc7 63. Kd3 Kc6 64. Ng3 Kc7 65. Nf1 Kc6 66. Nd2 Kc7 67. Nb1 Kc6 68.
Nc3 Bg7 69. Nd5 Bh8 70. Ne7+ Kc7 71. Nf5 Kc6 72. Bf7 Kc7 73. Be8 Kd8 74. Nxd6 Ke7 75. Nf7 Kxe8 76. Nxh8 Kf8 77. Ng6+ Kf7 78. Nxe5+ fxe5 79. Ke2 Ke6 80. Kf2 Kd6 81. Kg3 Kd7 82. Kf2 Kc7 83.
Ke2 Kc6 84. Kd3 Kd6 85. Kc3 Kd7 86. Kc2 Kc7 87. Kb2 Kc6 88. Ka3 Kd6 89. Kb2 Kd7 90. Kc3 Kc7 91. Kd3 Kc6 92. Ke2 Kb6 93. Kf3 a5 94. Ke2 a4 95. Kd3 axb3 96. Kc3 Kc6 97. Kxb3 Kb6 98. Kc3 Kb7 99. Kd3 Kc7 100. Kc3 Kd7 101. Kd3 Ke7 102. Ke2 Ke6 103. Kf3 Kf6 104. Kg3 Kf7 105. Kf3 Ke7 106. Ke2 Ke6 107. Kf3 Kd6 108.
Ke2 Kd7 109. Kf3 Kc7 110. Ke2 Kc6 111. Kf3 Kc7 112. Ke2 Kc6 113. Kf3 Kc7 1/2-1/2